 Dungeon Crawl Stone Soup version 0.31.0-9-g3a7656b989 (webtiles) character file.

Game seed: 8500557500062537323

46 Peloso the Trooper (level 3, 33/33 HPs)
             Began as a Minotaur Fighter on Feb 5, 2024.
             Got out of the dungeon alive.
             The game lasted 00:01:13 (671 turns).

Peloso the Trooper (Minotaur Fighter)                Turns: 671, Time: 00:01:14

Health: 33/33      AC:  7    Str: 20    XL:     3   Next: 46%
Magic:  2/2        EV:  9    Int:  5    God:
Gold:   39         SH:  4    Dex: 11    Spells: 2/2 levels left

rFire   x . .        a - +0 long sword
rCold   . . .        c - +0 buckler
rNeg    . . .        b - +0 scale mail
rPois   .            (helmet restricted)
rElec   .            (no cloak)
rCorr   .            (no gloves)
SInv    .            (no boots)
Will    .....        (no amulet) Stlth
                     (no ring)
HPRegen 0.25/turn    (no ring)
MPRegen 0.08/turn

%: no passive effects
@: no status effects
A: horns 2, retaliatory headbutt, claws 1, heat vulnerability 1
a: no special abilities


You escaped.
You visited 1 branch of the dungeon, and saw 1 of its levels.

You collected 39 gold pieces.

Inventory:

Hand Weapons
 a - a +0 long sword (weapon)
Armour
 b - a +0 scale mail (worn)
 c - a +0 buckler (worn)
Jewellery
 h - a ring of wizardry
 i - a ring of positive energy
Scrolls
 e - a scroll of vulnerability {unknown}
 f - a scroll of identify {unknown}
Potions
 d - a potion of might


   Skills:
 + Level 4.2 Fighting
 + Level 3.4 Long Blades
 + Level 4.2 Armour
 + Level 3.8 Shields


You had 2 spell levels left.
You didn't know any spells.
Your spell library was empty.

Dungeon Overview and Level Annotations

Branches:
Dungeon (1/15)

Altars:


Innate Abilities, Weirdness & Mutations

You have a pair of horns on your head.
You reflexively headbutt those who attack you in melee.
You have sharp fingernails.
You are vulnerable to heat. (rF-)


Message History

a +0 short sword; 4 stones; a kobold corpse The kobold throws a stone.
The stone hits you but does no damage.
You slash the kobold!
You kill the kobold!
Things that are here:
a +0 whip; 4 stones; a kobold corpse An endoplasm is nearby!
An endoplasm is nearby!
An endoplasm is nearby!
You block the endoplasm's attack.
Things that are here:
a +0 whip; 4 stones; a kobold corpse You hit the endoplasm.
You kill the endoplasm!
Things that are here:
a +0 short sword; 4 stones; a kobold corpse You open the door.
A hobgoblin comes into view.
The hobgoblin shouts!
A hobgoblin is nearby!
A hobgoblin is nearby!
A hobgoblin is nearby!
There is an open door here.
The hobgoblin barely misses you. You furiously retaliate!
You headbutt the hobgoblin!
You kill the hobgoblin!
A ball python comes into view.
The ball python hisses angrily.
A ball python is nearby!
A ball python is nearby!
You slash the ball python!
You kill the ball python!
You now have 39 gold pieces (gained 12).
It was a potion of mutation.
You feel extremely strange.
You feel vulnerable to heat.
Your fingernails lengthen.
What level of the Dungeon? (default 1, ? - help)
You open the door.
There is an open door here.
There is a staircase leading out of the dungeon here.
You have escaped!

##. #######.## #.. #........# #.#
#.###.#..######## ##.##
#.##.............
##...####.###.#.#.#.#####
#............#.#.#.##
##...####.###.#.#.#.# ##.##
#.##.#.#.#.## #.# #.###.#@#.#.#
####.#####....#.#.#.## #..
........######.#.#.#.# #..
#.##††#.# #.#.#.#.## ##...
#.##..#.# #.....### #...#
#.##..#.# ##.....## ##...#
#.#.....# ##.......## ###....#
#.#.#...####.........####.#....##
#.#.....>>.+.........'....#......


There were no monsters in sight!

Vanquished Creatures
  A dart slug (D:1)
  3 endoplasms (D:1)
  2 goblins (D:1)
  4 hobgoblins (D:1)
  11 jackals (D:1)
  4 kobolds (D:1)
  2 quokkas (D:1)
  3 ball pythons (D:1)
  2 bats (D:1)
  4 frilled lizards (D:1)
  A rat (D:1)
37 creatures vanquished.

Notes
Turn   | Place    | Note
-------+----------+-------------------------------------------
     0 | D:1      | Peloso the Minotaur Fighter began the quest for the Orb.
     0 | D:1      | Reached XP level 1. HP: 19/19 MP: 0/0
    77 | D:1      | Reached XP level 2. HP: 24/27 MP: 1/1
   451 | D:1      | Reached XP level 3. HP: 33/33 MP: 2/2
   624 | D:1      | Gained mutation: You are vulnerable to heat. (rF-) [potion
                  | of mutation]
   624 | D:1      | Gained mutation: You have sharp fingernails. [potion of
                  | mutation]
   671 | D:$      | Got out of the dungeon alive.

Illustrated notes

Levels and vault maps discovered:
D:1:      lightli_arrival_chessboard, layout_loops_corners,
          hellmonk_ecumenical_altar_zigzags, dreamdust_princess_corridor,
          chequers_avenue, chequers_arboretum

Skill      XL: |  1  2 |
---------------+-------+-----
Fighting       | 4 |  4.2
Armour         | 4 |  4.2
Long Blades    | 3 |  3.4
Shields        | |  3.8

Action                     || total
---------------------------++-------
  Melee: Long sword        ||    71
         Headbutt          ||    12
    Use: Potion            ||     1
 Armour: Scale mail        ||    47
  Dodge: Dodged            ||    46
  Block: Buckler           ||    21
